 Dungeon Sprint DCSS version 0.17-a0-1646-geb1493d (webtiles) character file.

11300000 Kidiri the Intangible (level 27, -3/323 HPs)
             Began as an Ogre Gladiator on Aug 9, 2015.
             Was the Champion of Makhleb.
             Killed from afar by a scourge (35 damage)
             ... with a bolt of poison
             ... in the Dungeon (Sprint VIII: "Arena of Blood").
             The game lasted 00:08:22 (113 turns).

Kidiri the Intangible (Ogre Gladiator)               Turns: 113, Time: 00:08:22

Health: -3/323     AC:  5    Str: 28    XL:     27
Magic:  44/54      EV: 32    Int:  7    God:    Makhleb [******]
Gold:   0          SH:  0    Dex: 19    Spells: 0 memorised, 80 levels left

rFire  + . .     SeeInvis .     l - +∞ Axe of Woe
rCold  . . .     Clarity  .     b - +0 robe
rNeg   . . .     SustAt   .     (no shield)
rPois  .         Gourm    .     c - +0 hat
rElec  .         Spirit   .     (no cloak)
rCorr  .         Warding  .     (gloves unavailable)
rMut   .         NoTele   +     (boots unavailable)
MR     ++...                    (no amulet)
Stlth  +++++++...               (no ring)
                                m - ring of protection from fire

@: lethally poisoned (-3 -> -78), very resistant to hostile enchantments,
extremely stealthy
A: unfitting armour, tough skin 1
a: Minor Destruction, Lesser Servant of Makhleb, Major Destruction, Greater
Servant of Makhleb, Renounce Religion


You were in the Dungeon.
You worshipped Makhleb.
Makhleb was exalted by your worship.
You were not hungry.

You visited 1 branch

Inventory:

Hand weapons
 a - a +0 war axe
 l - the +∞ Axe of Woe (weapon)
   (You found it in the Dungeon)
Missiles
 d - 3 throwing nets (quivered)
Armour
 b - a +0 robe (worn)
 c - a +0 hat (worn)
Jewellery
 m - a ring of protection from fire (left hand)
Scrolls
 k - a scroll of blinking
Potions
 f - a potion of curing
 g - a potion of heal wounds
 h - a potion of haste
 i - 2 potions of magic
 j - a potion of berserk rage
Comestibles
 e - a bread ration


   Skills:
 O Level 27 Fighting
 O Level 27 Axes
 O Level 27 Throwing
 O Level 27 Armour
 O Level 27 Dodging
 O Level 27 Stealth
 O Level 27 Unarmed Combat
 O Level 27 Spellcasting
 O Level 27 Invocations


You had 80 spell levels left.
You didn't know any spells.

Dungeon Overview and Level Annotations

Branches:
Dungeon (1/1)

Altars:
Makhleb


Innate Abilities, Weirdness & Mutations

You are too large for most types of armour.
You have tough skin (AC +1).


Message History

Something smites you! The scourge throws poison at you.
The bolt of poison hits you!
You are more poisoned.
The eight-headed meat hydra calls on the powers of darkness!
The eight-headed meat hydra convulses! x2
The bag of meat convulses!
The scourge convulses!
The scourge hisses angrily.
Your body is wracked with pain!
* * * LOW HITPOINT WARNING * * *
The scourge convulses!
The bag of meat convulses!
The meat berserker convulses!
You hear a shout! x2
The eight-headed meat hydra calls on the powers of darkness!
The eight-headed meat hydra convulses!
Your body is wracked with pain!
* * * LOW HITPOINT WARNING * * *
The scourge convulses!
The scourge throws poison at you. The bolt of poison hits you!
You are more poisoned.
You die...

## ###.L. ####..So..
####.....Do..
####........DSM.
####.DX..))@.#
#....XXX....#.M...O
#.....L.X....#W....
#...X.XX.....# ....
#.....X.###SW.# ...
#.....###......#........o...
#....#......................
#.....%..#..................
#.....%...#........#.......#


You could see 2 accurseds, a tentacled monstrosity, 2 tyrants, 3 eight-headed
meat hydras, 3 scourges, 8 large abominations, 2 dreads, a meat berserker
(berserk) and 2 bags of meat.

Vanquished Creatures
  6 hell beasts (D)
  2 great orbs of eyes (D)
  2 wraiths (D)
  8 vampire knights (D)
  29 ogres (D)
  2 liches (D)
  A hydra (D)
  84 orcs (D)
  A phantom (D)
  4 hill giants (D)
  3 skeletal warriors (D)
  6 large abominations (D)
  A small abomination (D)
  4 crawling corpses (D)
153 creatures vanquished.

Vanquished Creatures (others)
  A crawling corpse (D)
1 creature vanquished.

Grand Total: 154 creatures vanquished

Notes
Turn   | Place    | Note
--------------------------------------------------------------
     0 | D        | Kidiri the Ogre Gladiator began the quest for the Orb.
     0 | D        | Reached XP level 1. HP: 22/22 MP: 1/1
     3 | D        | Noticed a bag of meat
     4 | D        | Became a worshipper of Makhleb the Destroyer
     6 | D        | Noticed a meat berserker
     7 | D        | Noticed a bag of meat
     8 | D        | Noticed a bag of meat
     8 | D        | Killed a meat berserker
     8 | D        | Reached skill level 19 in Fighting
     8 | D        | Reached XP level 2. HP: 26/65 MP: 2/2
     8 | D        | Reached XP level 3. HP: 29/74 MP: 3/3
     8 | D        | Reached XP level 4. HP: 32/83 MP: 4/4
     8 | D        | Reached XP level 5. HP: 35/91 MP: 5/5
     8 | D        | Reached XP level 6. HP: 38/101 MP: 6/6
     8 | D        | Reached XP level 7. HP: 41/109 MP: 7/7
     8 | D        | Reached XP level 8. HP: 44/118 MP: 8/8
     8 | D        | Reached XP level 9. HP: 47/127 MP: 9/9
     8 | D        | Reached XP level 10. HP: 50/136 MP: 10/10
     8 | D        | Reached XP level 11. HP: 52/144 MP: 11/11
     8 | D        | Reached XP level 12. HP: 55/154 MP: 12/12
     8 | D        | Reached XP level 13. HP: 57/162 MP: 13/13
     8 | D        | Killed a bag of meat
     8 | D        | Acquired Makhleb's first power
     8 | D        | Reached skill level 20 in Fighting
     8 | D        | Reached XP level 14. HP: 102/176 MP: 14/14
     9 | D        | Noticed a bag of meat
     9 | D        | Killed a bag of meat
     9 | D        | Reached skill level 21 in Fighting
    10 | D        | Noticed a meat berserker
    11 | D        | Killed a bag of meat
    11 | D        | Acquired Makhleb's second power
    11 | D        | Reached skill level 22 in Fighting
    11 | D        | Reached XP level 15. HP: 151/192 MP: 15/15
    11 | D        | Killed a bag of meat
    11 | D        | Reached skill level 23 in Fighting
    12 | D        | Noticed a bag of meat
    13 | D        | Noticed a meat berserker
    13 | D        | Noticed a bag of meat
    13 | D        | Noticed a bag of meat
    14 | D        | Noticed a bag of meat
    14 | D        | Noticed a meat berserker
    15 | D        | Noticed a bag of meat
    15 | D        | Noticed a bag of meat
    15 | D        | Noticed a bag of meat
    16 | D        | Noticed a bag of meat
    16 | D        | Noticed a bag of meat
    17 | D        | Noticed a bag of meat
    17 | D        | Noticed a bag of meat
    17 | D        | Noticed a meat berserker
    18 | D        | Noticed a bag of meat
    18 | D        | Noticed a meat berserker
    18 | D        | Noticed a bag of meat
    18 | D        | Noticed a bag of meat
    18 | D        | Noticed a bag of meat
    18 | D        | Noticed a bag of meat
    19 | D        | Noticed a bag of meat
    19 | D        | Noticed a bag of meat
    19 | D        | Noticed a bag of meat
    19 | D        | Noticed a bag of meat
    19 | D        | Killed a meat berserker
    19 | D        | Acquired Makhleb's third power
    19 | D        | Reached skill level 25 in Fighting
    19 | D        | Reached XP level 16. HP: 162/213 MP: 16/16
    20 | D        | Noticed a bag of meat
    20 | D        | Noticed a bag of meat
    20 | D        | Noticed a bag of meat
    20 | D        | Noticed a bag of meat
    20 | D        | Noticed a bag of meat
    20 | D        | Killed a meat berserker
    20 | D        | Reached skill level 27 in Fighting
    20 | D        | Reached skill level 27 in Dodging
    20 | D        | Reached XP level 17. HP: 221/226 MP: 17/17
    20 | D        | Killed a meat berserker
    20 | D        | Reached skill level 27 in Axes
    21 | D        | Noticed a bag of meat
    21 | D        | Noticed a bag of meat
    21 | D        | Noticed a meat berserker
    21 | D        | Noticed a bag of meat
    21 | D        | Noticed a bag of meat
    21 | D        | Noticed a bag of meat
    21 | D        | Noticed a destroyer
    22 | D        | Noticed a bag of meat
    22 | D        | Noticed a bag of meat
    22 | D        | Noticed a bag of meat
    22 | D        | Noticed a bag of meat
    22 | D        | Killed a meat berserker
    22 | D        | Acquired Makhleb's fourth power
    22 | D        | Reached XP level 18. HP: 236/236 MP: 18/18
    22 | D        | Killed a bag of meat
    22 | D        | Noticed a bag of meat
    23 | D        | Noticed a meat berserker
    23 | D        | Killed a bag of meat
    23 | D        | Acquired Makhleb's fifth power
    23 | D        | Reached skill level 15 in Stealth
    23 | D        | Killed a bag of meat
    23 | D        | Reached XP level 19. HP: 245/245 MP: 19/19
    23 | D        | Killed a bag of meat
    24 | D        | Killed a bag of meat
    24 | D        | Killed a bag of meat
    24 | D        | Killed a bag of meat
    25 | D        | Noticed a bag of meat
    25 | D        | Noticed a meat berserker
    25 | D        | Noticed a bag of meat
    25 | D        | Noticed a meat berserker
    25 | D        | Killed a meat berserker
    25 | D        | Reached skill level 27 in Armour
    25 | D        | Reached XP level 20. HP: 256/256 MP: 20/20
    25 | D        | Killed a bag of meat
    25 | D        | Reached skill level 27 in Stealth
    26 | D        | Noticed a bag of meat
    26 | D        | Noticed a bag of meat
    26 | D        | Killed a bag of meat
    26 | D        | Reached skill level 15 in Invocations
    26 | D        | Killed a bag of meat
    26 | D        | Reached XP level 21. HP: 265/265 MP: 20/35
    26 | D        | Killed a bag of meat
    26 | D        | Killed a bag of meat
    26 | D        | Reached skill level 27 in Invocations
    27 | D        | Noticed a bag of meat
    27 | D        | Noticed a bag of meat
    27 | D        | Killed a bag of meat
    27 | D        | Reached skill level 10 in Throwing
    27 | D        | Killed a bag of meat
    27 | D        | Killed a bag of meat
    27 | D        | Reached skill level 15 in Throwing
    27 | D        | Reached skill level 15 in Spellcasting
    27 | D        | Killed a bag of meat
    27 | D        | Reached skill level 15 in Unarmed Combat
    27 | D        | Reached XP level 22. HP: 275/275 MP: 20/43
    27 | D        | Killed a bag of meat
    28 | D        | Noticed a bag of meat
    28 | D        | Killed a meat berserker
    28 | D        | Killed a bag of meat
    29 | D        | Noticed a bag of meat
    29 | D        | Noticed a bag of meat
    29 | D        | Noticed a bag of meat
    29 | D        | Noticed a destroyer
    29 | D        | Killed a bag of meat
    29 | D        | Killed a bag of meat
    29 | D        | Reached XP level 23. HP: 284/284 MP: 20/52
    29 | D        | Killed a bag of meat
    29 | D        | Killed a meat berserker
    29 | D        | Reached skill level 27 in Throwing
    29 | D        | Reached skill level 27 in Spellcasting
    30 | D        | Noticed a bag of meat
    30 | D        | Killed a bag of meat
    30 | D        | Reached skill level 27 in Unarmed Combat
    30 | D        | Killed a bag of meat
    30 | D        | Killed a bag of meat
    30 | D        | Reached XP level 24. HP: 295/295 MP: 20/54
    30 | D        | Killed a bag of meat
    30 | D        | Noticed a destroyer
    30 | D        | Noticed a bag of meat
    31 | D        | Killed a bag of meat
    31 | D        | Killed a bag of meat
    31 | D        | Killed a bag of meat
    32 | D        | Noticed a bag of meat
    32 | D        | Noticed a bag of meat
    32 | D        | Noticed a bag of meat
    33 | D        | Killed a meat berserker
    33 | D        | Killed a bag of meat
    33 | D        | Killed a bag of meat
    33 | D        | Reached XP level 25. HP: 304/304 MP: 21/54
    33 | D        | Killed a destroyer
    33 | D        | Killed a bag of meat
    34 | D        | Noticed a destroyer
    34 | D        | Killed a bag of meat
    34 | D        | Killed a bag of meat
    34 | D        | Killed a bag of meat
    34 | D        | Reached XP level 26. HP: 314/314 MP: 22/54
    34 | D        | Killed a meat berserker
    35 | D        | Noticed a meat berserker
    35 | D        | Noticed a meat berserker
    36 | D        | Noticed a large bag of meat
    36 | D        | Noticed a destroyer
    36 | D        | Noticed a destroyer
    36 | D        | Killed a bag of meat
    36 | D        | Killed a bag of meat
    37 | D        | Noticed a bag of meat
    38 | D        | Noticed a sculptor of flesh
    39 | D        | Noticed a bag of meat
    39 | D        | Killed a large bag of meat
    39 | D        | Killed a destroyer
    39 | D        | Killed a meat berserker
    39 | D        | Reached XP level 27. HP: 323/323 MP: 23/54
    39 | D        | Killed a bag of meat
    39 | D        | Killed a bag of meat
    40 | D        | Noticed a bag of meat
    41 | D        | Noticed a sculptor of flesh
    41 | D        | Noticed a bag of meat
    42 | D        | Noticed a large bag of meat
    42 | D        | Noticed a destroyer
    42 | D        | Noticed a bag of meat
    43 | D        | Killed a destroyer
    43 | D        | Killed a bag of meat
    44 | D        | Killed a sculptor of flesh
    44 | D        | Killed a bag of meat
    46 | D        | Killed a bag of meat
    46 | D        | Killed a meat berserker
    46 | D        | Killed a destroyer
    46 | D        | Killed a destroyer
    47 | D        | Killed a destroyer
    47 | D        | Killed a sculptor of flesh
    48 | D        | Noticed a meat berserker
    48 | D        | Killed a bag of meat
    48 | D        | Killed a bag of meat
    48 | D        | Killed a destroyer
    49 | D        | Noticed a bag of meat
    49 | D        | Noticed a meat berserker
    51 | D        | Noticed a bag of meat
    51 | D        | Killed a meat berserker
    51 | D        | Killed a bag of meat
    52 | D        | Noticed a meat berserker
    52 | D        | Noticed a meat berserker
    52 | D        | Noticed a meat berserker
    53 | D        | Killed a meat berserker
    53 | D        | Killed a bag of meat
    54 | D        | Noticed a bag of meat
    54 | D        | Noticed a meat berserker
    55 | D        | Noticed a tyrant
    55 | D        | Killed a meat berserker
    55 | D        | Killed a bag of meat
    56 | D        | Noticed a bag of meat
    56 | D        | Killed a meat berserker
    57 | D        | Killed a meat berserker
    57 | D        | Killed a bag of meat
    57 | D        | Killed a bag of meat
    57 | D        | Noticed a bag of meat
    57 | D        | Noticed a large bag of meat
    58 | D        | Noticed a bag of meat
    58 | D        | Killed a bag of meat
    58 | D        | Killed a bag of meat
    59 | D        | Killed a meat berserker
    59 | D        | Killed a bag of meat
    60 | D        | Noticed a sculptor of flesh
    60 | D        | Killed a bag of meat
    61 | D        | Killed a large bag of meat
    61 | D        | Killed a bag of meat
    61 | D        | Killed a bag of meat
    62 | D        | Noticed a bag of meat
    63 | D        | Noticed a bag of meat
    63 | D        | Noticed a bag of meat
    64 | D        | Noticed a bag of meat
    64 | D        | Noticed a bag of meat
    64 | D        | Noticed a meat beast
    64 | D        | Killed a bag of meat
    64 | D        | Killed a bag of meat
    64 | D        | Killed a bag of meat
    64 | D        | Killed a bag of meat
    65 | D        | Noticed a bag of meat
    65 | D        | Killed a tyrant
    66 | D        | Noticed a meat beast
    66 | D        | Killed a large bag of meat
    66 | D        | Killed a bag of meat
    67 | D        | Noticed a bag of meat
    67 | D        | Noticed a bag of meat
    67 | D        | Noticed a bag of meat
    67 | D        | Noticed a meat berserker
    68 | D        | Noticed a bag of meat
    68 | D        | Noticed a meat berserker
    68 | D        | Noticed a bag of meat
    68 | D        | Noticed a bag of meat
    68 | D        | Noticed a bag of meat
    68 | D        | Noticed a meat berserker
    68 | D        | Killed a meat beast
    68 | D        | Killed a bag of meat
    69 | D        | Noticed a meat berserker
    69 | D        | Killed a bag of meat
    69 | D        | Killed a meat beast
    70 | D        | Noticed a bag of meat
    70 | D        | Noticed a bag of meat
    70 | D        | Noticed a bag of meat
    70 | D        | Killed a bag of meat
    71 | D        | Killed a bag of meat
    71 | D        | Killed a bag of meat
    72 | D        | Noticed a large bag of meat
    72 | D        | Noticed a bag of meat
    72 | D        | Noticed a destroyer
    72 | D        | Killed a sculptor of flesh
    73 | D        | Noticed an eight-headed meat hydra
    73 | D        | Killed a meat berserker
    74 | D        | Killed a bag of meat
    74 | D        | Killed a bag of meat
    74 | D        | Killed a meat berserker
    74 | D        | Killed a meat berserker
    75 | D        | Noticed a bag of meat
    76 | D        | Noticed a bag of meat
    76 | D        | Noticed a meat beast
    76 | D        | Killed a bag of meat
    76 | D        | Killed a bag of meat
    77 | D        | Killed a meat berserker
    77 | D        | Killed a destroyer
    78 | D        | Killed a bag of meat
    79 | D        | Killed a bag of meat
    80 | D        | Killed a bag of meat
    81 | D        | Killed a meat beast
    82 | D        | Noticed a meat beast
    82 | D        | Noticed a meat beast
    82 | D        | Noticed a meat berserker
    83 | D        | Killed a bag of meat
    84 | D        | Killed a bag of meat
    84 | D        | Killed a large bag of meat
    85 | D        | Killed a bag of meat
    85 | D        | Killed a meat beast
    85 | D        | Killed a nine-headed meat hydra
    85 | D        | Killed a bag of meat
    86 | D        | Noticed a dread
    87 | D        | Noticed a meat berserker
    87 | D        | Killed a bag of meat
    87 | D        | Killed a meat beast
    87 | D        | Killed a bag of meat
    87 | D        | Killed a meat berserker
    89 | D        | Noticed a bag of meat
    89 | D        | Noticed a bag of meat
    89 | D        | Killed a bag of meat
    90 | D        | Noticed a meat berserker
    90 | D        | Noticed a meat beast
    90 | D        | Noticed a dread
    92 | D        | Killed a dread
    92 | D        | Killed a meat berserker
    93 | D        | Killed a meat berserker
    96 | D        | Noticed a meat berserker
    96 | D        | Noticed an accursed
    97 | D        | Killed a meat beast
    97 | D        | Killed a dread
    98 | D        | Noticed a tyrant
   101 | D        | Noticed a tyrant
   102 | D        | Killed a meat berserker
   105 | D        | Noticed a meat berserker
   105 | D        | Killed an observer
   106 | D        | Noticed a meat berserker
   106 | D        | Killed a tyrant
   106 | D        | Killed an observer
   107 | D        | Killed a bag of meat
   108 | D        | Noticed a meat berserker
   109 | D        | Noticed an eight-headed meat hydra
   109 | D        | Noticed an accursed
   109 | D        | Noticed a dread
   109 | D        | Killed a meat berserker
   109 | D        | Killed a wretched soul
   110 | D        | Noticed a dread
   110 | D        | Noticed a bag of meat
   111 | D        | Killed a meat berserker
   112 | D        | Killed a meat berserker
   112 | D        | Killed a bag of meat
   113 | D        | Noticed a tyrant
   113 | D        | Killed from afar by a scourge

Vault maps used:
D:        meatsprint

Action                   |  1- 3 |  4- 6 |  7- 9 | 10-12 | 13-15 | 16-18 | 19-21 | 22-24 | 25-27 || total
-------------------------+-------+-------+-------+-------+-------+-------+-------+-------+-------++-------
Melee: Executioner's axe |     1 |       |       |       |     3 |     3 |     4 |     5 |    48 ||    64
